 Dungeon Crawl Stone Soup version 0.26.1-2-gb8aa6d0cf2 (webtiles) character file.

Game seed: 11048234399812743073

6838 tardwrangler69 the Cleaver (level 10, -1/91 HPs)
             Began as a Minotaur Fighter on Mar 30, 2021.
             Was a Believer of Okawaru.
             Killed by refrigeration
             ... invoked by Fannar
              (35 damage)
             ... on level 10 of the Dungeon.
             The game lasted 00:09:27 (8970 turns).

tardwrangler69 the Cleaver (Minotaur Fighter)       Turns: 8970, Time: 00:09:28

Health: -1/91      AC: 21    Str: 23    XL:     10   Next: 77%
Magic:  9/9        EV:  8    Int:  5    God:    Okawaru [**....]
Gold:   728        SH:  9    Dex: 11    Spells: 9/9 levels left

rFire    . . .     SeeInvis .   a - +1 war axe
rCold    . . .     Faith    .   c - +0 kite shield
rNeg     . . .     Spirit   .   E - +0 plate armour
rPois    .         Reflect  .   (helmet restricted)
rElec    .         Harm     .   s - +1 cloak
rCorr    .         Rampage  .   p - +2 pair of gloves
Will     +....                  (no boots)
Stlth    ..........             (no amulet)
HPRegen  0.25/turn              K - ring of willpower
MPRegen  0.11/turn              v - +4 ring of slaying (curse)

@: studying Armour
A: retaliatory headbutt, horns 2
a: Renounce Religion, Heroism


You were on level 10 of the Dungeon.
You worshipped Okawaru.
Okawaru was pleased with you.
You visited 2 branches of the dungeon, and saw 11 of its levels.
You also visited: Sewer.

You collected 728 gold pieces.

Inventory:

Hand Weapons
 a - a +1 war axe (weapon)
Armour
 c - a +0 kite shield (worn)
 p - a +2 pair of gloves (worn)
 s - a +1 cloak (worn)
 E - a +0 plate armour (worn)
Jewellery
 b - an uncursed ring of willpower
 h - an uncursed ring of protection from fire
 v - a cursed +4 ring of slaying (right hand)
 K - a ring of willpower (left hand)
Wands
 G - a wand of paralysis (11)
Scrolls
 f - 2 scrolls of amnesia
 g - 8 scrolls of identify {unknown}
 o - 5 scrolls of remove curse
 q - 4 scrolls of teleportation
 u - 2 scrolls of magic mapping
 w - a scroll of random uselessness {unknown}
 x - 4 scrolls of immolation {unknown}
 y - 3 scrolls of noise {unknown}
 z - a scroll of blinking {unknown}
 C - a scroll of fear {unknown}
 D - 2 scrolls of fog
 J - a scroll of enchant armour {unknown}
Potions
 d - a potion of might
 e - 6 potions of degeneration {unknown}
 i - a potion of attraction {unknown}
 j - a potion of haste {unknown}
 k - 2 potions of resistance
 l - 3 potions of heal wounds {unknown}
 m - 4 potions of lignification {unknown}
 n - a potion of flight {unknown}
 r - 3 potions of brilliance {unknown}
 t - 2 potions of magic {unknown}
 H - a potion of ambrosia {unknown}
 I - a potion of invisibility {unknown}
Books
 A - a manual of Armour


   Skills:
 + Level 9.6 Fighting
 * Level 12.4 Axes
 + Level 11.3 Armour
 + Level 7.9 Dodging
 - Level 4.0 Shields


You had 9 spell levels left.
You didn't know any spells.
Your spell library contained the following spells:

 Spells                   Type           Power        Failure   Level
 Magic Dart               Conj           0%           100%        1
 Shock                    Conj/Air       0%           100%        1
 Blink                    Tloc           N/A          100%        2
 Call Imp                 Summ           0%           100%        2
 Slow                     Hex            0%           100%        2
 Swiftness                Air            0%           100%        2
 Conjure Flame            Conj/Fire      0%           100%        3
 Mephitic Cloud           Conj/Pois/Air  0%           100%        3
 Static Discharge         Conj/Air       0%           100%        3
 Airstrike                Air            0%           100%        4
 Lightning Bolt           Conj/Air       0%           100%        5


Dungeon Overview and Level Annotations

Branches:
Dungeon (10/15)            Temple (1/1) D:6             Orc (0/2) D:10
  Sewer (visited)
   Lair: D:8-11

Altars:
Ashenzari
Cheibriados
Dithmenos
Elyvilon
Fedhas
Gozag
Hepliaklqana
Kikubaaqudgha
Makhleb
Nemelex Xobeh
Okawaru
Qazlal
Ru
Sif Muna
Trog
Uskayaw
Vehumet
Wu Jian
Xom
Yredelemnul
Zin
The Shining One

Shops:
D:5 [

Annotations:
D:6 2 runed translucent doors, Cheops's ghost, novice TrMo
D:9 2 transporters, Tirrikindir's ghost, novice OpBr
D:10 Fannar


Innate Abilities, Weirdness & Mutations

You reflexively headbutt those who attack you in melee.
You have a pair of horns on your head.


Message History

You are too injured to fight recklessly!
You are too injured to fight recklessly!
You are too injured to fight recklessly!
You are too injured to fight recklessly!
You are too injured to fight recklessly!
You hit Fannar.
Fannar is almost dead.
Fannar hits you but does no damage.
You hit Fannar but do no damage. Your headbutt misses Fannar.
Fannar is almost dead.
Fannar says, "You will make a fine ice sculpture."
Fannar hits you but does no damage.
You slash Fannar!
Fannar is almost dead.
You barely miss Fannar.
Fannar is almost dead.
Fannar gestures wildly while chanting.
Fannar drains the heat from the surrounding environment!
You feel very cold.
You die...

# # ######
###############....#
...................#
...................#
#######............#####
#................#
#................#
#.........@e..#
#.............#
#######.............#
.....................#
##....#######.######.#
.#....# #.# .# .+....+
#.# # .#....# #.#
.#....# #.#


You could see Fannar (icy armour, resistant).

Vanquished Creatures
  Harold (D:9)
  Pikel (D:6)
  Psyche (D:8)
  A troll (D:8)
  Grinder (D:4)
  Sigmund (D:4)
  Edmund (D:4)
  3 orc warriors
  3 ice beasts
  A necrophage (D:9)
  An eye of draining (D:5)
  10 ogres
  8 centaurs
  A lemure (D:6)
  2 big kobolds (D:10)
  Blork the orc (D:6)
  6 bullfrogs
  A gnoll sergeant (D:9)
  2 scorpions
  3 howler monkeys
  2 jellies
  2 quasits
  5 hounds
  3 gnoll shamans (D:10)
  A bullfrog zombie (D:5)
  4 centaur skeletons
  5 orc priests
  Crazy Yiuf (D:2)
  4 orc wizards
  Natasha (D:4)
  2 iguanas
  5 worker ants
  2 hound skeletons
  3 worker ant zombies
  Robin (D:2)
  14 gnolls
  A howler monkey skeleton (D:5)
  19 adders
  A shadow imp (D:5)
  2 white imps
  10 oozes
  An adder zombie (D:5)
  An adder skeleton (D:8)
  11 dart slugs
  2 worms (D:2)
  15 leopard geckos
  23 orcs
  9 ball pythons
  A bat skeleton (D:2)
  15 giant cockroaches
  10 hobgoblins
  6 jackals
  5 quokkas
  11 bats
  18 frilled lizards
  11 goblins
  7 kobolds
  A leopard gecko skeleton (D:2)
  6 rats
290 creatures vanquished.

Vanquished Creatures (others)
  A wizard (D:7)
  4 fungi (D:10)
  14 plants
19 creatures vanquished.

Grand Total: 309 creatures vanquished

Notes
Turn   | Place    | Note
-------+----------+-------------------------------------------
     0 | D:1      | tardwrangler69 the Minotaur Fighter began the quest for the
                  | Orb.
     0 | D:1      | Reached XP level 1. HP: 19/19 MP: 0/0
   139 | D:1      | Reached XP level 2. HP: 27/27 MP: 1/1
   172 | D:1      | Reached skill level 3 in Axes
   360 | D:1      | Reached skill level 1 in Dodging
   572 | D:2      | Reached XP level 3. HP: 32/33 MP: 2/2
   661 | D:2      | Noticed Robin
   664 | D:2      | Reached XP level 4. HP: 40/40 MP: 3/3
   677 | D:2      | Killed Robin
   825 | D:2      | Found an opulent altar of Gozag.
  1079 | D:2      | Reached skill level 4 in Axes
  1215 | D:2      | Found a transporter.
  1378 | D:2      | Found a transporter.
  1399 | D:2      | Found a blossoming altar of Fedhas.
  1513 | D:2      | Found a runed translucent door.
  1514 | D:2      | Noticed Crazy Yiuf
  1661 | D:2      | Killed Crazy Yiuf
  1913 | D:2      | Reached XP level 5. HP: 44/47 MP: 4/4
  1971 | D:3      | Found a stormy altar of Qazlal.
  2708 | D:4      | Reached skill level 5 in Axes
  2720 | D:4      | Reached XP level 6. HP: 38/55 MP: 5/5
  2724 | D:4      | Reached skill level 5 in Fighting
  2748 | D:4      | Noticed Sigmund
  2760 | D:4      | Killed Sigmund
  2761 | D:4      | Reached skill level 5 in Armour
  2776 | D:4      | Reached skill level 6 in Axes
  2776 | D:4      | Reached XP level 7. HP: 38/61 MP: 6/6
  2934 | D:4      | Noticed Grinder
  2942 | D:4      | Killed Grinder
  3187 | D:4      | Found a basalt altar of Yredelemnul.
  3199 | D:4      | Noticed Edmund
  3210 | D:4      | Killed Edmund
  3296 | D:4      | Found a hide-covered altar of Uskayaw.
  3296 | D:4      | Noticed Natasha
  3301 | D:4      | Killed Natasha
  3302 | D:4      | Reached skill level 7 in Axes
  3391 | D:5      | Entered Level 5 of the Dungeon
  3625 | D:5      | Reached XP level 8. HP: 54/70 MP: 7/7
  3957 | D:5      | Found Ywkiviv's Armour Shoppe.
  4060 | D:5      | Found a glowing drain.
  4072 | Sewer    | Entered a sewer
  4167 | Sewer    | Reached skill level 8 in Axes
  4451 | D:5      | Reached skill level 5 in Dodging
  4630 | D:5      | Reached skill level 9 in Axes
  5031 | D:6      | Reached XP level 9. HP: 79/79 MP: 8/8
  5054 | D:6      | Found a runed translucent door.
  5061 | D:6      | Noticed Cheops's ghost (novice TrMo)
  5125 | D:6      | Found a white marble altar of Elyvilon.
  5125 | D:6      | Found an ornate altar of the Wu Jian Council.
  5209 | D:6      | Found a staircase to the Ecumenical Temple.
  5221 | Temple   | Entered the Ecumenical Temple
  5363 | D:6      | Found a runed translucent door.
  5428 | D:6      | Noticed Pikel
  5434 | D:6      | You fall into a shaft and drop 3 floors!
  5747 | D:7      | Found a shimmering blue altar of Sif Muna.
  5783 | D:6      | Noticed Blork the orc
  5794 | D:6      | Killed Blork the orc
  5826 | D:6      | Reached skill level 10 in Axes
  5911 | D:6      | Killed Pikel
  6313 | D:7      | Found a shimmering altar of Xom.
  6386 | D:7      | Found a bloodstained altar of Trog.
  6387 | D:7      | Noticed a wizard
  6393 | D:7      | Killed a wizard
  6613 | D:7      | Found an iron altar of Okawaru.
  6613 | D:7      | Found a broken altar of Ashenzari.
  6777 | D:7      | Became a worshipper of Warmaster Okawaru
  6848 | D:8      | Noticed a troll
  6854 | D:8      | Killed a troll
  6920 | D:8      | Noticed Psyche
  6926 | D:8      | Killed Psyche
  6927 | D:8      | Reached skill level 11 in Axes
  6927 | D:8      | Reached XP level 10. HP: 89/90 MP: 9/9
  7088 | D:8      | Reached * piety under Okawaru
  7396 | D:9      | Reached skill level 10 in Armour
  7497 | D:9      | Found a blossoming altar of Fedhas.
  7500 | D:9      | Found a basalt altar of Yredelemnul.
  7500 | D:9      | Found a broken altar of Ashenzari.
  7502 | D:9      | Found a shimmering altar of Xom.
  7502 | D:9      | Found an ornate altar of the Wu Jian Council.
  7502 | D:9      | Found a shimmering altar of Xom.
  7569 | D:9      | Identified the cursed +2 battleaxe of Success {vorpal,
                  | +Rage rC+}
  7570 | D:9      | Found a transporter.
  7574 | D:9      | Found a transporter.
  7575 | D:9      | Found a bloodstained altar of Trog.
  7577 | D:9      | Noticed a moth of wrath
  7587 | D:9      | Noticed a cyclops
  7598 | D:9      | Noticed Tirrikindir's ghost (novice OpBr)
  7677 | D:9      | Noticed Harold
  7698 | D:9      | Killed Harold
  7698 | D:9      | Reached ** piety under Okawaru
  8135 | D:10     | Entered Level 10 of the Dungeon
  8171 | D:10     | Reached skill level 12 in Axes
  8290 | D:10     | Found a staircase to the Orcish Mines.
  8956 | D:10     | Noticed Fannar
  8970 | D:10     | Killed from afar by Fannar

Illustrated notes

Levels and vault maps discovered:
D:1:      saegor_arrival_simple_a, layout_rooms, serial_bayou,
          serial_bayou_shore_b, serial_bayou_pond_b, serial_bayou_lagoon_a,
          serial_bayou_pond_a, serial_bayou_shore_b, serial_bayou_pond_d,
          st_stairs_10, minmay_statues_item, minmay_tetromino_i4
D:2:      kb_forest_paths, layout_basic, gammafunk_temple_overflow_arena,
          lemuel_crystal_altar, minmay_three_crescents, uniq_crazy_yiuf_cottage,
          uniq_robin
D:3:      layout_loops_ring, lemuel_crystal_altar
D:4:      layout_cave_pools, lemuel_crystal_altar,
          nicolae_overflow_crystal_walls, uniq_grinder, uniq_edmund,
          uniq_natasha, uniq_sigmund
D:5:      kennysheep_slugbush, layout_loops_ring, portal_sewer_entry_d,
          serial_shops, shop_statue, serial_bayou_pond_a, st_stairs_1,
          minmay_manual_mares
D:6:      layout_basic, gammafunk_temple_overflow_statue,
          minmay_temple_entry_drinking_statues, nicolae_ossuary_entry_monument,
          ebering_ghost_sewer_f, uniq_pikel, uniq_blork_the_orc
D:7:      layout_loops_ring, lemuel_crystal_altar, marbit_many_paths,
          gammafunk_temple_overflow_wave, trog_wizard
D:8:      layout_loops_ring, fungi_pond_lemuel, kennysheep_nondescript,
          uniq_psyche
D:9:      minmay_general_purpose_star, layout_gridville,
          gammafunk_ghost_wrathful_warriors, doesnt_xom_only_xom, uniq_harold
D:10:     kennysheep_seaside_town, layout_irregular_city, david_orc_2,
          uniq_fannar
Temple:   jpeg_temple_clearing

Skill      XL: |  1  2  3  4  5  6  7  8  9 10 |
---------------+-------------------------------+-----
Axes           | 3 4 5 6 7 9 11 12 | 12.4
Dodging        | 1 2 3 4 5 6 7 |  7.9
Fighting       | 4 5 6 7 8 9 |  9.6
Shields        | 4 |  4.0
Armour         | 4 5 6 7 9 11 | 11.3

Action                   |  1- 3 |  4- 6 |  7- 9 | 10-12 || total
-------------------------+-------+-------+-------+-------++-------
Melee: War axe           |    62 |   107 |   319 |   176 ||   664
       Headbutt          |     5 |    14 |    61 |    30 ||   110
  Use: Scroll            |       |     6 |       |       ||     6
Armor: Scale mail        |    36 |    40 |    83 |       ||   159
       Plate armour      |       |       |    52 |    86 ||   138
Dodge: Dodged            |    26 |    33 |    90 |    46 ||   195
Block: Kite shield       |    35 |    47 |   142 |    75 ||   299
